XFBL
SEATTLE MARINERS @ DETROIT TIGERS
06/06/1982
 
TOP OF THE 1ST
Seattle Mariners batting - Pitching for Detroit Tigers : RHP Matt Wiseman
Pitching: RHP Matt Wiseman
Batting: LHB Jose Perales 0-0: Ball
1-0: Foul Ball, location: 2F
1-1: Called Strike
1-2: Ball
2-2: Ball
3-2: Foul Ball, location: 2F
3-2: Foul Ball, location: 2F
3-2: Base on Balls
Batting: LHB Ivan Flores 0-0: Ball
1-0: Ground out 3-1 (Groundball, 34S, EV 85.0 MPH)
Jose Perales to second
Batting: RHB Robin Yount 0-0: Swinging Strike
0-1: Called Strike
0-2: Ball
1-2: Foul Ball, location: 2F
1-2: Foul Ball, location: 2F
1-2: TRIPLE (Line Drive, 9LD, EV 104.4 MPH)
Jose Perales scores
Batting: LHB Don Mattingly 0-0: Ground out 3-1 (Groundball, 3D, EV 76.9 MPH)
Batting: RHB Tony Conigliaro 0-0: Foul Ball, location: 2F
0-1: SINGLE (Line Drive, 89S, EV 109.4 MPH)
Robin Yount scores
Batting: RHB Bobby Bonds 0-0: Fly out, F3 (Popup, 3SF, EV 71.3 MPH)
Top of the 1st over - 2 runs, 2 hits, 0 errors, 1 left on base; Seattle 2 - Detroit 0
BOTTOM OF THE 1ST
Detroit Tigers batting - Pitching for Seattle Mariners : LHP Randy Jones
Pitching: LHP Randy Jones
Batting: SHB Lee Mazzilli 0-0: Fly out, F7 (Flyball, 78S, EV 95.0 MPH)
Batting: RHB Tack Wilson 0-0: Ball
1-0: Bunt missed!
1-1: Fly out, F8 (Flyball, 8LXD, EV 92.5 MPH)
Batting: SHB Tony Phillips 0-0: Ball
1-0: Called Strike
1-1: Ball
2-1: Foul Ball, location: 2F
2-2: Ball
3-2: Foul Ball, location: 2F
3-2: Reached on error, E8 (Flyball, 8RXD, EV 101.9 MPH)
Batting: RHB Keith Moreland 0-0: Ball
1-0: Foul Ball, location: 2F
1-1: DOUBLE (Flyball, 89XD, EV 111.3 MPH)
Tony Phillips scores
Batting: RHB Andre Thornton 0-0: SINGLE (Groundball, 6MD, EV 111.9 MPH)
Keith Moreland to third
Runner from 3rd tries for Home, SAFE, throw by CF to home
Batting: RHB Rusty Kuntz 0-0: Ground out 1-3 (Groundball, 13S, EV 70.6 MPH)
Bottom of the 1st over - 2 runs, 2 hits, 1 error, 1 left on base; Seattle 2 - Detroit 2
TOP OF THE 2ND
Seattle Mariners batting - Pitching for Detroit Tigers : RHP Matt Wiseman
Batting: RHB Ryne Sandberg 0-0: Foul Ball, location: 2F
0-1: Ball
1-1: Ball
2-1: Ball
3-1: Called Strike
3-2: Ground out 6-3 (Groundball, 56, EV 104.4 MPH)
Batting: RHB John Rabb 0-0: Swinging Strike
0-1: Fly out, F3 (Popup, 3L, EV 73.8 MPH)
Batting: RHB Ramon Estepa 0-0: Ball
1-0: Foul Ball, location: 2F
1-1: Foul Ball, location: 2F
1-2: Ground out 4-3 (Groundball, 4, EV 88.1 MPH)
Top of the 2nd over - 0 runs, 0 hits, 0 errors, 0 left on base; Seattle 2 - Detroit 2
BOTTOM OF THE 2ND
Detroit Tigers batting - Pitching for Seattle Mariners : LHP Randy Jones
Batting: RHB Larry Parrish 0-0: Foul Ball, location: 2F
0-1: Ball
1-1: Foul Ball, location: 2F
1-2: Strikes out swinging
Batting: RHB Mike Sproles 0-0: Ball
1-0: Foul Ball, location: 2F
1-1: Foul Ball, location: 2F
1-2: Ball
2-2: Ball
3-2: Strikes out swinging
Batting: LHB Larry Harlow 0-0: Ball
1-0: Foul Ball, location: 2F
1-1: Ball
2-1: Swinging Strike
2-2: Foul Ball, location: 2F
2-2: Ground out 5-3 (Groundball, 56, EV 105.0 MPH)
Bottom of the 2nd over - 0 runs, 0 hits, 0 errors, 0 left on base; Seattle 2 - Detroit 2
TOP OF THE 3RD
Seattle Mariners batting - Pitching for Detroit Tigers : RHP Matt Wiseman
Batting: LHB Jose Perales 0-0: Called Strike
0-1: Called Strike
0-2: Ball
1-2: Ball
2-2: Ball
3-2: Ground out 4-3 (Groundball, 4MD, EV 103.1 MPH)
Batting: LHB Ivan Flores 0-0: Called Strike
0-1: Ball
1-1: Swinging Strike
1-2: Strikes out swinging
Batting: RHB Robin Yount 0-0: Foul Ball, location: 2F
0-1: Called Strike
0-2: SINGLE (Flyball, 8LS, EV 86.3 MPH)
Batting: LHB Don Mattingly 0-0: Foul Ball, location: 2F
0-1: Foul Ball, location: 2F
0-2: Foul Ball, location: 2F
0-2: Fly out, F5 (Line Drive, 5, EV 75.6 MPH)
Top of the 3rd over - 0 runs, 1 hit, 0 errors, 1 left on base; Seattle 2 - Detroit 2
BOTTOM OF THE 3RD
Detroit Tigers batting - Pitching for Seattle Mariners : LHP Randy Jones
Batting: SHB Lee Mazzilli 0-0: Reached on error, E3 (Groundball, 34, EV 84.4 MPH)
Batting: RHB Tack Wilson 0-0: Ball
1-0: Fly out, F8 (Flyball, 8LD, EV 99.4 MPH)
Batting: SHB Tony Phillips 0-0: Ball
1-0: Called Strike
1-1: Ball
2-1: Swinging Strike
2-2: SINGLE (Line Drive, 9S, EV 106.3 MPH)
Lee Mazzilli to second
Batting: RHB Keith Moreland 0-0: Swinging Strike
0-1: Ball
Lee Mazzilli steals 3rd base
1-1: Ball
2-1: Called Strike
Tony Phillips steals 2nd base (no throw)
2-2: SINGLE (Flyball, 9LS, EV 86.3 MPH)
Lee Mazzilli scores
Tony Phillips to third
Runner from 3rd tries for Home, SAFE, throw by RF to home
Batting: RHB Andre Thornton 0-0: Ball
1-0: Ball
2-0: Swinging Strike
2-1: SINGLE (Line Drive, 8RS, EV 98.8 MPH)
Keith Moreland to second
Batting: RHB Rusty Kuntz 0-0: Called Strike
Keith Moreland steals 3rd base
Andre Thornton to second
0-1: Ball
1-1: Swinging Strike
1-2: TRIPLE (Flyball, 9LD, EV 95.6 MPH)
Keith Moreland scores
Andre Thornton scores
Batting: RHB Larry Parrish 0-0: Ball
1-0: Called Strike
1-1: Ball
2-1: Ball
3-1: Fly out, F8 (Flyball, 78D, EV 102.5 MPH)
Runner from 3rd tags up, SCORES, throw by CF
Batting: RHB Mike Sproles 0-0: Ball
1-0: Swinging Strike
1-1: SINGLE (Line Drive, 8RS, EV 103.8 MPH)
Pitching: RHP Timothy Jones
Batting: LHB Larry Harlow 0-0: Fielders Choice at 2nd, 6-4 (Groundball, 6, EV 100.6 MPH)
Bottom of the 3rd over - 5 runs, 5 hits, 1 error, 1 left on base; Seattle 2 - Detroit 7
TOP OF THE 4TH
Seattle Mariners batting - Pitching for Detroit Tigers : RHP Matt Wiseman
Batting: RHB Tony Conigliaro 0-0: Ball
1-0: Foul Ball, location: 2F
1-1: Ball
2-1: SINGLE (Line Drive, 7S, EV 97.5 MPH)
Batting: RHB Bobby Bonds 0-0: Ball
1-0: Ball
2-0: Called Strike
2-1: Ball
3-1: Foul Ball, location: 2F
3-2: Foul Ball, location: 2F
3-2: Grounds into double play, 4-6-3 (Groundball, 34, EV 88.8 MPH)
Batting: RHB Ryne Sandberg 0-0: Ball
1-0: Called Strike
1-1: Called Strike
1-2: Ball
2-2: Foul Ball, location: 2F
2-2: Fly out, F7 (Flyball, 7D, EV 93.8 MPH)
Top of the 4th over - 0 runs, 1 hit, 0 errors, 0 left on base; Seattle 2 - Detroit 7
BOTTOM OF THE 4TH
Detroit Tigers batting - Pitching for Seattle Mariners : RHP Timothy Jones
Batting: SHB Lee Mazzilli 0-0: Foul Ball, location: 2F
0-1: Fly out, F3 (Popup, 34S, EV 65.6 MPH)
Batting: RHB Tack Wilson 0-0: Called Strike
0-1: Ball
1-1: Foul Ball, location: 2F
1-2: Fly out, F8 (Flyball, 8RS, EV 83.8 MPH)
Batting: SHB Tony Phillips 0-0: Swinging Strike
0-1: Ball
1-1: Ball
2-1: Ball
3-1: SINGLE (Groundball, 34D, EV 105.6 MPH)
Batting: RHB Keith Moreland 0-0: Called Strike
Tony Phillips steals 2nd base (no throw)
0-1: Foul Ball, location: 2F
0-2: Fly out, F4 (Popup, 3S, EV 78.8 MPH)
Bottom of the 4th over - 0 runs, 1 hit, 0 errors, 1 left on base; Seattle 2 - Detroit 7
TOP OF THE 5TH
Seattle Mariners batting - Pitching for Detroit Tigers : RHP Matt Wiseman
Batting: RHB John Rabb 0-0: Ball
1-0: Ball
2-0: Foul Ball, location: 2F
2-1: Ground out U3 (Groundball, 34, EV 105.6 MPH)
Batting: RHB Ramon Estepa 0-0: Foul Ball, location: 2F
0-1: Foul Ball, location: 2F
0-2: Ball
1-2: Foul Ball, location: 2F
1-2: SINGLE (Groundball, 6D, EV 103.8 MPH)
Batting: LHB Jose Perales 0-0: Foul Ball, location: 2F
0-1: Ball
1-1: Fielders Choice at 2nd, 4-6 (Groundball, 4M, EV 85.6 MPH)
Batting: LHB Ivan Flores 0-0: Ball
1-0: Called Strike
1-1: Foul Ball, location: 2F
1-2: Ball
2-2: Foul Ball, location: 2F
2-2: Strikes out looking
Top of the 5th over - 0 runs, 1 hit, 0 errors, 1 left on base; Seattle 2 - Detroit 7
BOTTOM OF THE 5TH
Detroit Tigers batting - Pitching for Seattle Mariners : RHP Timothy Jones
Batting: RHB Andre Thornton 0-0: Called Strike
0-1: Swinging Strike
0-2: Ball
1-2: Ball
2-2: Ball
3-2: Strikes out swinging
Batting: RHB Rusty Kuntz 0-0: Ball
1-0: Ball
2-0: Called Strike
2-1: Ball
3-1: Foul Ball, location: 2F
3-2: SINGLE (Groundball, 6M, EV 84.4 MPH) (infield hit)
Batting: RHB Larry Parrish 0-0: Foul Ball, location: 2F
0-1: Swinging Strike
0-2: Strikes out swinging
Batting: RHB Mike Sproles 0-0: Ball
1-0: Ball
2-0: Ball
3-0: Called Strike
3-1: Called Strike
3-2: Ground out 4-3 (Groundball, 4, EV 88.8 MPH)
Bottom of the 5th over - 0 runs, 1 hit, 0 errors, 1 left on base; Seattle 2 - Detroit 7
TOP OF THE 6TH
Seattle Mariners batting - Pitching for Detroit Tigers : RHP Matt Wiseman
Batting: RHB Robin Yount 0-0: SINGLE (Groundball, 6MD, EV 106.3 MPH)
Batting: LHB Don Mattingly 0-0: Called Strike
0-1: Ball
1-1: Ball
2-1: Ball
3-1: Base on Balls
Robin Yount to second
Batting: RHB Tony Conigliaro 0-0: Ball
1-0: Called Strike
1-1: Called Strike
1-2: Grounds into double play, 6-4-3 (Groundball, 6, EV 81.3 MPH)
Robin Yount to third
Batting: RHB Bobby Bonds 0-0: Swinging Strike
0-1: Foul Ball, location: 2F
0-2: Ball
1-2: Strikes out swinging
Top of the 6th over - 0 runs, 1 hit, 0 errors, 1 left on base; Seattle 2 - Detroit 7
BOTTOM OF THE 6TH
Detroit Tigers batting - Pitching for Seattle Mariners : RHP Timothy Jones
Batting: LHB Larry Harlow 0-0: DOUBLE (Line Drive, 9LM, EV 100.0 MPH)
Batting: SHB Lee Mazzilli 0-0: Ball
1-0: Called Strike
1-1: Ball
Wild Pitch!
Larry Harlow to third
2-1: Ground out 3-1 (Groundball, 34, EV 81.3 MPH)
Larry Harlow scores
Batting: RHB Tack Wilson 0-0: Foul Ball, location: 2F
0-1: Fly out, F9 (Line Drive, 9, EV 91.9 MPH)
Batting: SHB Tony Phillips 0-0: Ball
1-0: Ball
2-0: Ball
3-0: Base on Balls
Batting: RHB Keith Moreland 0-0: Ball
1-0: Ball
2-0: Fly out, F9 (Flyball, 9D, EV 92.5 MPH)
Bottom of the 6th over - 1 run, 1 hit, 0 errors, 1 left on base; Seattle 2 - Detroit 8
TOP OF THE 7TH
Seattle Mariners batting - Pitching for Detroit Tigers : RHP Matt Wiseman
Batting: RHB Ryne Sandberg 0-0: Swinging Strike
0-1: Ball
1-1: Foul Ball, location: 2F
1-2: Ball
2-2: Ground out 5-3 (Groundball, 56S, EV 89.4 MPH)
Batting: RHB John Rabb 0-0: SINGLE (Line Drive, 34D, EV 94.4 MPH)
Batting: RHB Ramon Estepa 0-0: Swinging Strike
0-1: Foul Ball, location: 2F
0-2: SINGLE (Groundball, 34, EV 107.5 MPH) (infield hit)
John Rabb to second
Batting: LHB Jose Perales 0-0: Foul Ball, location: 2F
0-1: Called Strike
John Rabb steals 3rd base
0-2: Foul Ball, location: 2F
0-2: Ball
1-2: Fly out, F8 (Line Drive, 8LM, EV 91.9 MPH)
Runner from 3rd tags up, SCORES, no throw by CF
Batting: LHB Ivan Flores 0-0: Called Strike
0-1: Ball
1-1: Foul Ball, location: 2F
1-2: Ball
2-2: Foul Ball, location: 2F
2-2: Ground out 3-1 (Groundball, 34S, EV 91.9 MPH)
Top of the 7th over - 1 run, 2 hits, 0 errors, 1 left on base; Seattle 3 - Detroit 8
BOTTOM OF THE 7TH
Detroit Tigers batting - Pitching for Seattle Mariners : RHP Timothy Jones
Batting: RHB Andre Thornton 0-0: Ball
1-0: Swinging Strike
1-1: Ball
2-1: Called Strike
2-2: Strikes out swinging
Pitching: RHP Dick Bosman
Batting: RHB Rusty Kuntz 0-0: Ball
1-0: Ball
2-0: Ball
3-0: Called Strike
3-1: Swinging Strike
3-2: Ground out 3-1 (Groundball, 34, EV 97.5 MPH)
Batting: RHB Larry Parrish 0-0: Called Strike
0-1: Foul Ball, location: 2F
0-2: Strikes out looking
Bottom of the 7th over - 0 runs, 0 hits, 0 errors, 0 left on base; Seattle 3 - Detroit 8
TOP OF THE 8TH
Seattle Mariners batting - Pitching for Detroit Tigers : RHP Matt Wiseman
Pitching: LHP Mike Maitland
Batting: RHB Robin Yount 0-0: Called Strike
0-1: Ball
1-1: Foul Ball, location: 2F
1-2: Ball
2-2: Ball
3-2: Base on Balls
Batting: LHB Don Mattingly 0-0: Ball
1-0: Fielders Choice at 2nd, 4-6 (Groundball, 4, EV 101.9 MPH)
Batting: RHB Tony Conigliaro 0-0: Ball
1-0: Called Strike
1-1: Swinging Strike
1-2: Ball
2-2: Foul Ball, location: 2F
2-2: Strikes out swinging
Batting: RHB Bobby Bonds 0-0: Ball
1-0: Ball
2-0: Ball
3-0: Called Strike
3-1: Called Strike
3-2: Foul Ball, location: 2F
3-2: Foul Ball, location: 2F
3-2: Base on Balls
Don Mattingly to second
Batting: RHB Ryne Sandberg 0-0: Foul Ball, location: 2F
0-1: Ball
1-1: Swinging Strike
1-2: Strikes out looking
Top of the 8th over - 0 runs, 0 hits, 0 errors, 2 left on base; Seattle 3 - Detroit 8
BOTTOM OF THE 8TH
Detroit Tigers batting - Pitching for Seattle Mariners : RHP Dick Bosman
Batting: RHB Mike Sproles 0-0: Ball
1-0: Ground out 4-3 (Groundball, 34D, EV 83.1 MPH)
Batting: LHB Larry Harlow 0-0: Ball
1-0: Ball
2-0: Swinging Strike
2-1: Swinging Strike
2-2: Ball
3-2: Foul Ball, location: 2F
3-2: Foul Ball, location: 2F
3-2: SOLO HOME RUN (Flyball, 89XD, EV 116.3 MPH) (Inside the Park)
Batting: SHB Lee Mazzilli 0-0: Foul Ball, location: 2F
0-1: Swinging Strike
0-2: Strikes out looking
Batting: RHB Tack Wilson 0-0: Foul Ball, location: 2F
0-1: Ball
1-1: Foul Ball, location: 2F
1-2: Ground out 6-3 (Groundball, 6, EV 98.1 MPH)
Bottom of the 8th over - 1 run, 1 hit, 0 errors, 0 left on base; Seattle 3 - Detroit 9
TOP OF THE 9TH
Seattle Mariners batting - Pitching for Detroit Tigers : LHP Mike Maitland
Batting: RHB John Rabb 0-0: Called Strike
0-1: Ball
1-1: Called Strike
1-2: Strikes out swinging
Batting: RHB Ramon Estepa 0-0: Foul Ball, location: 2F
0-1: Ball
1-1: Ball
2-1: Ball
3-1: Swinging Strike
3-2: Fly out, F8 (Flyball, 8RM, EV 95.0 MPH)
Batting: LHB Jose Perales 0-0: Swinging Strike
0-1: Ball
1-1: Ball
2-1: Foul Ball, location: 2F
2-2: Strikes out swinging
Top of the 9th over - 0 runs, 0 hits, 0 errors, 0 left on base; Seattle 3 - Detroit 9
Thursday, August 6th, 2020 - OOTP Baseball 21.5 Build 76